 Dungeon Crawl Stone Soup version 0.26.1-2-gb8aa6d0cf2 (webtiles) character file.

Game seed: 11091479047791094962

7997 axecop the Covert (level 11, 0/97 HPs)
             Began as a Naga Delver on Mar 7, 2021.
             Was a Priest of Kikubaaqudgha.
             Slain by a redback (16 damage)
             ... in a Gauntlet.
             The game lasted 00:17:53 (13498 turns).

axecop the Covert (Naga Delver)                    Turns: 13498, Time: 00:17:53

Health: 0/97       AC:  7    Str: 14    XL:     11   Next: 24%
Magic:  20/20      EV: 13    Int: 16    God:    Kikubaaqudgha [***...]
Gold:   463        SH:  8    Dex: 13    Spells: 11/23 levels left

rFire    . . .     SeeInvis +   W - +4 morningstar
rCold    . . .     Faith    .   x - +3 buckler
rNeg     . . .     Spirit   .   O - +0 leather armour {rPois}
rPois    +         Reflect  .   (no helmet)
rElec    .         Harm     .   (no cloak)
rCorr    .         Rampage  .   (no gloves)
Will     +....     NoTele   +   (no barding)
Stlth    ++++......             (no amulet)
HPRegen  0.26/turn              f - +4 ring of evasion
MPRegen  0.17/turn              (no ring)

@: lethally poisoned (0 -> -4), very slow
A: large, fangs 1, yellow scales 1, see invisible, clever 1, deformed body,
poison resistance, slowness 2, spit poison 2, AC +3
a: Breathe Poison Gas, Breathe Poison Gas, Renounce Religion, Receive Corpses


You were in a Gauntlet.
You worshipped Kikubaaqudgha.
Kikubaaqudgha was most pleased with you.
You visited 2 branches of the dungeon, and saw 12 of its levels.
You also visited: Gauntlet.

You collected 703 gold pieces.
You spent 240 gold pieces at shops.

Inventory:

Hand Weapons
 a - a +3 whip of draining
 b - a +0 morningstar of flaming
 i - a +0 mace
 B - a +1 scimitar of flaming
 D - a +1 hunting sling of freezing
 M - the +3 Elemental Staff {rElec rF++ rC++ Will++ AC+5}
   (You found it in a Gauntlet)

   It affects your AC (+5).
   It greatly protects you from fire.
   It greatly protects you from cold.
   It insulates you from electricity.
   It affects your willpower, your defense against some magical effects.
 R - a +0 hand crossbow
 W - a +4 morningstar (weapon)
Missiles
 s - 57 poisoned darts
 u - 5 javelins
 w - a throwing net
 T - 6 curare-tipped darts
Armour
 l - a +0 leather armour
 q - a +0 troll leather armour
 x - a +3 buckler (worn)
 y - a +0 leather armour of poison resistance
 z - the +1 ring mail of Resonant Fun {rElec Dex+4}
   (You found it on level 11 of the Dungeon)

   It affects your dexterity (+4).
   It insulates you from electricity.
 J - the +0 hat of Duty {+Fly rElec rPois Will-}
   (You found it in a Gauntlet)

   It insulates you from electricity.
   It protects you from poison.
   It affects your willpower, your defense against some magical effects.
   It lets you fly.
 N - a +0 scale mail of positive energy
 O - a +0 leather armour of poison resistance (worn)
 Q - a +0 kite shield
Magical Staves
 E - an uncursed staff of cold
Jewellery
 f - a +4 ring of evasion (left hand)
 C - an uncursed amulet of magic regeneration
 V - an uncursed amulet of guardian spirit {unknown}
Wands
 g - a wand of digging (11)
 G - a wand of polymorph (8)
 K - a wand of iceblast (13)
 Z - a wand of paralysis (10)
Scrolls
 c - 5 scrolls of fog
 d - 3 scrolls of magic mapping
 e - a scroll of fear
 m - 2 scrolls of amnesia
 o - 5 scrolls of remove curse
 v - a scroll of immolation
 F - a scroll of enchant weapon
 I - 3 scrolls of blinking
 L - a scroll of enchant armour
Potions
 h - 3 potions of lignification
 j - 3 potions of heal wounds {unknown}
 k - a potion of magic {unknown}
 n - 2 potions of attraction
 p - 3 potions of brilliance
 r - a potion of ambrosia
 t - a potion of haste
 A - 3 potions of mutation
 H - a potion of curing
 P - 3 potions of degeneration {unknown}
 S - 3 potions of flight {unknown}
 U - a potion of cancellation {unknown}
 X - a potion of invisibility {unknown}


   Skills:
 - Level 5.8 Fighting
 - Level 8.7 Maces & Flails
 - Level 1.5 Dodging
 - Level 11.3 Stealth
 - Level 4.0 Shields
 + Level 6.6 Spellcasting
 + Level 4.9 Conjurations
 + Level 6.5 Necromancy
 - Level 3.5 Translocations


You had 11 spell levels left.
You knew the following spells:

 Your Spells              Type           Power        Failure   Level
a - Vampiric Draining     Necr           13%          3%          3
b - Mephitic Cloud        Conj/Pois/Air  10%          26%         3
c - Blink                 Tloc           N/A          6%          2
d - Animate Dead          Necr           13%          12%         4

Your spell library contained the following spells:

 Spells                   Type           Power        Failure   Level
 Animate Skeleton         Necr           52%          1%          1
 Pain                     Necr           100%         1%          1
 Sublimation of Blood     Necr           13%          1%          2
 Magic Dart               Conj           84%          2%          1
 Foxfire                  Conj/Fire      52%          6%          1
 Shock                    Conj/Air       52%          6%          1
 Dispel Undead            Necr           26%          12%         4
 Conjure Flame            Conj/Fire      13%          19%         3
 Static Discharge         Conj/Air       13%          19%         3
 Call Imp                 Summ           5%           26%         2
 Slow                     Hex            5%           26%         2
 Swiftness                Air            5%           26%         2
 Agony                    Necr           26%          32%         5
 Excruciating Wounds      Necr           13%          32%         5
 Inner Flame              Hex/Fire       5%           45%         3
 Sticky Flame             Conj/Fire      13%          52%         4
 Airstrike                Air            2%           86%         4
 Fireball                 Conj/Fire      6%           86%         5
 Lightning Bolt           Conj/Air       6%           86%         5
 Death Channel            Necr           13%          87%         6
 Simulacrum               Ice/Necr       7%           100%        6


Dungeon Overview and Level Annotations

Branches:
Dungeon (11/15)            Temple (1/1) D:5            Lair (0/6) D:10
Gauntlet (1/1)
    Orc: D:9-12

Altars:
Ashenzari
Cheibriados
Dithmenos
Elyvilon
Fedhas
Gozag
Hepliaklqana
Kikubaaqudgha
Makhleb
Nemelex Xobeh
Okawaru
Qazlal
Ru
Sif Muna
Trog
Uskayaw
Vehumet
Wu Jian
Xom
Yredelemnul
Zin
The Shining One

Shops:
D:4 (   D:6 =   D:9 :

Annotations:
D:3 Grinder
D:10 3 runed translucent doors, 0gre's ghost, journeyman GnIE; axecop's ghost, novice NaDe Gauntlet 9 transporters


Innate Abilities, Weirdness & Mutations

You cannot wear boots.
Your serpentine skin is tough. (AC +3)
You have supernaturally acute eyesight. (SInv)
Armour fits poorly on your strangely shaped body.
Your system is resistant to poisons. (rPois)
You cover ground very slowly.
You can exhale a cloud of poison.
You have very sharp teeth.
You are partially covered in yellow scales. (AC +2)
Your mind is acute. (Int +2)


Message History

You feel sick.
You feel sick.
Unknown command.
You have got your breath back.
You feel sick.
You see here the +3 Elemental Staff {rElec rF++ rC++ Will++ AC+5}.
M - the +3 Elemental Staff {rElec rF++ rC++ Will++ AC+5} You feel sick.
The moth of wrath angrily waves its antennae.
Unknown command.
You feel sick.
You feel sick.
The redback looks more healthy.
You feel sick.
You see here a dented steel amulet.
V - a dented steel amulet The redback bites you.
* * * LOW HITPOINT WARNING * * *
The redback bites you!
You die...
Kikubaaqudgha rasps: "You have failed me!
Welcome... death!"

........... #...©.©.©.. #
########### #..8.8.8..
#≈#≈#≈#≈#≈#§####.......#
.............#≈#########
......8.................
.............8.....8....
.###########............
.#$...©@#..#...#########
.#.....#s..#...#?"!©##W#
.##....#s..#...##.W##..#
.#.##.#....#...###W#W^.#
8.#...###y..#.8.#W##.##.#
..#....#©##.#...#W^.#.###
..#...#.ys.##...#..##^.##
...#...#.....#...#.##....#
§..#..#......#...#########


You could see a moth of wrath (very poisoned) and 2 redbacks.

Vanquished Creatures
  A cyclops (D:11)
  A gargoyle (D:10)
  An efreet (Gauntlet)
  A troll (D:11)
  2 redbacks (Gauntlet)
  14 yaks
  A fire elemental (Gauntlet)
  2 orc warriors
  2 hell hounds (Gauntlet)
  2 ice beasts
  Duvessa (D:7)
  2 phantoms
  A black bear (D:5)
  5 ogres
  6 centaurs
  2 wolves (D:9)
  A big kobold (D:9)
  Blork the orc (D:5)
  Dowan (D:7)
  3 bullfrogs
  A scorpion (D:10)
  3 killer bees (D:8)
  7 wights (D:10)
  An electric eel (D:9)
  5 howler monkeys
  A bullfrog zombie (D:8)
  2 centaur skeletons
  2 jellies (D:10)
  9 orc wizards
  An orc priest (D:5)
  2 bullfrog skeletons
  3 hounds
  2 iguanas
  6 worker ants
  2 centaur simulacra (D:9)
  A hound zombie (D:8)
  A howler monkey zombie (D:6)
  A worker ant zombie (D:8)
  7 adders
  3 white imps
  4 ufetubi
  An ooze (D:4)
  An adder zombie (D:8)
  2 adder skeletons (D:7)
  3 worms
  4 dart slugs (D:1)
  An adder simulacrum (D:9)
  2 leopard geckos
  27 orcs
  4 ball pythons
  4 giant cockroaches
  5 goblins
  5 hobgoblins
  2 jackals (D:7)
  3 quokkas
  6 bats
  4 frilled lizards
  11 kobolds
  A leopard gecko zombie (D:6)
  A quokka zombie (D:6)
  10 rats
211 creatures vanquished.

Vanquished Creatures (others)
  4 demonic plants (Gauntlet)
4 creatures vanquished.

Grand Total: 215 creatures vanquished

Notes
Turn   | Place    | Note
-------+----------+-------------------------------------------
     0 | D:5      | axecop the Naga Delver began the quest for the Orb.
     0 | D:5      | Reached XP level 1. HP: 21/21 MP: 1/1
    49 | D:5      | Noticed a hound
    50 | D:5      | Noticed an orc priest
    63 | D:5      | Killed a hound
    64 | D:5      | Reached skill level 1 in Spellcasting
    64 | D:5      | Reached XP level 2. HP: 18/28 MP: 1/3
    64 | D:5      | Reached XP level 3. HP: 22/34 MP: 1/4
   178 | D:5      | Found an ornate altar of the Wu Jian Council.
   341 | D:4      | Noticed an ogre
   387 | D:4      | Killed an ogre
   388 | D:4      | Reached skill level 8 in Stealth
   388 | D:4      | Reached XP level 4. HP: 11/42 MP: 4/7
   388 | D:4      | Reached XP level 5. HP: 13/49 MP: 4/8
   664 | D:4      | Found Plog's Antique Weapon Emporium.
  1513 | D:2      | Found a white marble altar of Elyvilon.
  1530 | D:2      | Reached XP level 6. HP: 55/56 MP: 9/9
  3316 | D:3      | Found a bloodstained altar of Trog.
  3316 | D:3      | Found an opulent altar of Gozag.
  3317 | D:3      | Found a sacrificial altar of Ru.
  3348 | D:3      | Noticed Grinder
  3501 | D:5      | Noticed Blork the orc
  3516 | D:5      | Found a staircase to the Ecumenical Temple.
  3529 | D:5      | Killed Blork the orc
  3530 | D:5      | Reached skill level 9 in Stealth
  3538 | Temple   | Entered the Ecumenical Temple
  3961 | Temple   | Became a worshipper of Kikubaaqudgha
  4104 | D:5      | Noticed a phantom
  4210 | Temple   | Killed a phantom
  4211 | Temple   | Reached skill level 5 in Maces & Flails
  4211 | Temple   | Reached XP level 7. HP: 16/62 MP: 11/11
  4877 | D:5      | Reached skill level 1 in Shields
  5390 | D:5      | Reached skill level 1 in Necromancy
  5778 | D:6      | Found a blossoming altar of Fedhas.
  5985 | D:6      | Reached XP level 8. HP: 38/72 MP: 11/13
  6643 | D:6      | Found Hasesiapt's Jewellery Boutique.
  6866 | D:7      | Noticed Duvessa
  6867 | D:7      | Noticed Dowan
  6889 | D:7      | Killed Duvessa
  6891 | D:7      | Killed Dowan
  6898 | D:7      | Reached skill level 10 in Stealth
  7385 | D:7      | Found a shimmering blue altar of Sif Muna.
  7385 | D:7      | Found a faded altar of an unknown god.
  7393 | D:7      | Found a basalt altar of Yredelemnul.
  7395 | D:7      | Found a faded altar of an unknown god.
  7397 | D:7      | Found a glowing golden altar of the Shining One.
  7610 | D:8      | Reached XP level 9. HP: 55/79 MP: 15/15
  7691 | D:8      | Reached * piety under Kikubaaqudgha
  7691 | D:8      | Identified Kikubaaqudgha's Tome of Black Arts
                  | (Kikubaaqudgha gifted it to you on level 8 of the Dungeon)
  7691 | D:8      | Received a gift from Kikubaaqudgha
  7702 | D:8      | Learned a level 3 spell: Vampiric Draining
  8975 | D:9      | Reached ** piety under Kikubaaqudgha
  8976 | D:9      | Reached skill level 5 in Fighting
  9050 | D:9      | Found Noorgh's Book Shop.
  9072 | D:9      | Bought a book of Minor Magic for 240 gold pieces
  9076 | D:9      | Learned a level 3 spell: Mephitic Cloud
  9079 | D:9      | Learned a level 2 spell: Blink
  9178 | D:9      | Reached skill level 11 in Stealth
  9949 | D:9      | Reached skill level 1 in Conjurations
 10103 | D:9      | Reached XP level 10. HP: 85/88 MP: 17/17
 10190 | D:9      | Reached skill level 5 in Spellcasting
 10465 | D:10     | Entered Level 10 of the Dungeon
 10509 | D:10     | Found a staircase to the Lair.
 10577 | D:10     | Found a runed translucent gate.
 10577 | D:10     | Found a runed translucent gate.
 10577 | D:10     | Found a runed translucent gate.
 10865 | D:10     | Noticed a gargoyle
 10908 | D:10     | Killed a gargoyle
 11576 | D:10     | Reached skill level 5 in Necromancy
 11576 | D:10     | Reached skill level 1 in Translocations
 12252 | D:10     | Learned a level 4 spell: Animate Dead
 12615 | D:10     | Noticed axecop's ghost (novice NaDe)
 12615 | D:10     | Noticed 0gre's ghost (journeyman GnIE)
 12708 | D:11     | Noticed a cyclops
 12721 | D:11     | Killed a cyclops
 12722 | D:11     | Reached XP level 11. HP: 33/97 MP: 12/20
 12734 | D:11     | Reached *** piety under Kikubaaqudgha
 12734 | D:11     | Identified Kikubaaqudgha's Incunabulum of Stolen Souls
                  | (Kikubaaqudgha gifted it to you on level 11 of the Dungeon)
 12734 | D:11     | Received a gift from Kikubaaqudgha
 12751 | D:11     | Got a heavily runed ring mail
 12752 | D:11     | Identified the +1 ring mail of Resonant Fun {rElec Dex+4}
                  | (You found it on level 11 of the Dungeon)
 12909 | D:11     | Found a gate leading to a gauntlet.
 12914 | Gauntlet | Entered a Gauntlet
 12914 | Gauntlet | Found a transporter.
 12927 | Gauntlet | Noticed a fire crab
 13163 | Gauntlet | Found a transporter.
 13166 | Gauntlet | Found a transporter.
 13170 | Gauntlet | Found a transporter.
 13171 | Gauntlet | Found a transporter.
 13173 | Gauntlet | Found a transporter.
 13188 | Gauntlet | Found a transporter.
 13196 | Gauntlet | Found a transporter.
 13200 | Gauntlet | Noticed a hell beast
 13221 | Gauntlet | Found the +3 Elemental Staff {rElec rF++ rC++ Will++ AC+5}
 13225 | Gauntlet | Found a transporter.
 13225 | Gauntlet | Noticed a moth of wrath
 13227 | Gauntlet | Found a transporter.
 13231 | Gauntlet | Found a transporter.
 13243 | Gauntlet | Found a transporter.
 13257 | Gauntlet | Gained mutation: You have very sharp teeth. [potion of
                  | mutation]
 13257 | Gauntlet | Gained mutation: Your mind is acute. (Int +2) [potion of
                  | mutation]
 13257 | Gauntlet | Gained mutation: You can exhale a cloud of poison. [potion
                  | of mutation]
 13257 | Gauntlet | Gained mutation: You are partially covered in yellow
                  | scales. (AC +2) [potion of mutation]
 13291 | Gauntlet | Got a fine hat
 13300 | Gauntlet | Identified the cursed +0 hat of Duty {+Fly rElec rPois
                  | Will-} (You found it in a Gauntlet)
 13498 | Gauntlet | Slain by a redback

Illustrated notes

Levels and vault maps discovered:
D:1:      dpeg_arrival_arbitrary_a, layout_basic
D:2:      layout_basic, elyvilon_altar_3
D:3:      layout_rooms, chequers_temple_overflow_statue_of_worship,
          chequers_ecumenical_altar_twisty, nemelex_lonely_heart_becter,
          uniq_grinder
D:4:      layout_rooms, serial_shops, nicolae_shop_stone
D:5:      layout_loops_cross, overflow_temple_1_default,
          minmay_temple_entry_waves, uniq_blork_the_orc
D:6:      layout_rooms, fedhas_altar_fruit_tree, serial_shops,
          kennysheep_little_box, minmay_pentangle
D:7:      layout_rooms, chequers_temple_overflow_minitemple, serial_glass,
          glass_columns_b, glass_columns_a, due_unseen_surprise,
          feat_on_display, uniq_duvessa
D:8:      layout_rooms, kb_lookout_dungeons_type
D:9:      layout_rooms, serial_ice, serial_ice_m, serial_ice_a, serial_ice_n,
          serial_ice_b, serial_ice_f, serial_ice_j, serial_shops, shop,
          grunt_ministairs_14
D:10:     layout_long_grid, dpeg_oklobed_lair, gammafunk_ghost_cemetery
D:11:     layout_gridville, gauntlet_entry_generic
Temple:   oiseaux_autumnal_temple
Gauntlet: minmay_gauntlet_mixed_oops_all_seconds
          [minmay_gauntlet_arena_77_museum, nicolae_gauntlet_arena_grate_2,
          minmay_gauntlet_arena_77_mirror, gammafunk_gauntlet_arena_corners,
          minmay_gauntlet_arena_77_fan, nicolae_gauntlet_swirl,
          gauntlet_exit_watery]

Skill      XL: |  1  2  3  4  5  6  7  8  9 10 11 |
---------------+----------------------------------+-----
Spellcasting   | 1 2 3 4 6 |  6.6
Maces & Flails | 3 4 5 6 8 |  8.7
Stealth        | 8 9 10 11 | 11.3
Shields        | 1 2 3 4 |  4.0
Necromancy     | 1 3 4 5 6 |  6.5
Fighting       | 4 5 |  5.8
Conjurations   | 1 4 |  4.9
Translocations | 3 |  3.5
Dodging        | |  1.5

Action                   |  1- 3 |  4- 6 |  7- 9 | 10-12 || total
-------------------------+-------+-------+-------+-------++-------
Melee: Whip              |     6 |   193 |   419 |    77 ||   695
       Mace              |     3 |       |       |       ||     3
       Morningstar       |       |       |     4 |   108 ||   112
       Bite              |       |       |       |     2 ||     2
 Cast: Vampiric Draining |       |       |     2 |    23 ||    25
       Blink             |       |       |     1 |     2 ||     3
       Animate Dead      |       |       |       |     1 ||     1
 Abil: Spit Poison       |     9 |    14 |    35 |     8 ||    66
       Breathe Poison Ga |       |       |       |     1 ||     1
Evoke: Wand              |       |       |     7 |    15 ||    22
  Use: Potion            |     1 |     1 |     2 |     7 ||    11
       Scroll            |       |    10 |     9 |     5 ||    24
 Stab: Sleeping          |       |    25 |     8 |     4 ||    37
       Distracted        |       |     1 |       |       ||     1
       Paralysed         |       |       |       |     2 ||     2
Armor: Leather armour    |     2 |    43 |    47 |    22 ||   114
       Skin              |       |       |       |     2 ||     2
Dodge: Dodged            |    11 |    76 |   211 |    89 ||   387
Block: Buckler           |       |    10 |   129 |    65 ||   204
